 Dungeon Crawl Stone Soup version 0.18-a0-971-g0af6217 (webtiles) character file.

11 4thArraOfDagon the Gusty (level 2, -3/20 HPs)
             Began as a Centaur Air Elementalist on Jan 2, 2016.
             Killed from afar by Natasha (5 damage)
             ... with a wand of magic darts
             ... on level 2 of the Dungeon.
             The game lasted 00:02:11 (322 turns).

4thArraOfDagon the Gusty (Centaur Air Elementalist)  Turns: 322, Time: 00:02:11

Health: -3/20      AC:  4    Str: 10    XL:     2   Next: 13%
Magic:  4/4        EV:  9    Int: 14    God:
Gold:   38         SH:  0    Dex:  9    Spells: 2 memorised, 1 level left

rFire  . . .     SeeInvis .     h - +0 club
rCold  . . .     Gourm    .     a - +0 robe
rNeg   . . .     Faith    .     (no shield)
rPois  .         Spirit   .     (no helmet)
rElec  .         Dismiss  .     (no cloak)
rCorr  .         Reflect  .     (no gloves)
SustAt .         Harm     .     (no barding)
MR     .....                    (no amulet)
Stlth  +.........               (no ring)
                                (no ring)

@: repel missiles, very quick, not resistant to hostile enchantments, very
unstealthy
A: hooves 3, deformed body, speed 2, tough skin 3
a: no special abilities


You were on level 2 of the Dungeon.
You were not hungry.

You visited 1 branch of the dungeon, and saw 2 of its levels.

You collected 38 gold pieces.

Inventory:

Hand Weapons
 h - a +0 club (weapon)
Armour
 a - a +0 robe (worn)
Scrolls
 e - a scroll of enchant weapon {unknown}
 f - 2 scrolls of teleportation {unknown}
 g - a scroll of magic mapping {unknown}
 i - a scroll of remove curse {unknown}
 k - a scroll of identify {unknown}
Potions
 d - 2 potions of curing {unknown}
 l - a potion of beneficial mutation {unknown}
Books
 b - a book of Air

   Spells                             Type                      Level
   a - Shock                          Conjuration/Air              1
   b - Swiftness                      Charms/Air                   2
   c - Repel Missiles                 Charms/Air                   2
   d - Static Discharge               Conjuration/Air              3
   e - Lightning Bolt                 Conjuration/Air              5
Comestibles
 c - 2 bread rations
 j - a meat ration


   Skills:
 - Level 1.3 Dodging
 - Level 1.2 Stealth
 + Level 1.7 Spellcasting
 * Level 1.3 Conjurations
 * Level 2.9 Air Magic


You had one spell level left.
You knew the following spells:

 Your Spells              Type           Power        Failure   Level  Hunger
a - Shock                 Conj/Air       #...         12%         1    ##.....
b - Repel Missiles        Chrm/Air       #.....       24%         2    ###....


Dungeon Overview and Level Annotations

Branches:
Dungeon (2/15)

Altars:

Annotations:
D:2 Natasha


Innate Abilities, Weirdness & Mutations

You have hooves in place of feet.
Armour fits poorly on your strangely shaped body.
You cover ground very quickly.
You have extremely tough skin (AC +3).


Message History

Unknown command.
You see here a bubbling puce potion.
Unknown command.
l - a bubbling puce potion Unknown command.
Unknown command.
Unknown command.
The worm bites you.
* * * LOW HITPOINT WARNING * * *
Unknown command.
Unknown command.
Unknown command.
Unknown command.
Unknown command.
Found a pair of gloves.
Natasha, Servant of Life and Death comes into view.
Unknown command.
Natasha hisses angrily.
Natasha zaps a wand.
The magic dart hits you!
You die...

########.....#.##..##.#......#
#......##....##.......#
#.....................#
#..............gs.....#
#......##....##.......#
#.....#.##..##r#......#
#....#.#.#..#.#.#.....#
#....##.#...S#.##.....#
#...#.##.@....##.#....#
#..........# #...#
#............# ...#
#................ ..#
.h................
##..[.............
#################


You could see Natasha, an adder and a quokka.

Vanquished Creatures
  A giant gecko (D:1)
  A bat (D:2)
  A goblin (D:1)
  A hobgoblin (D:1)
  A quokka (D:2)
  2 kobolds
  2 rats (D:1)
9 creatures vanquished.

Notes
Turn   | Place    | Note
--------------------------------------------------------------
     0 | D:1      | 4thArraOfDagon the Centaur Air Elementalist began the quest for the Orb.
     0 | D:1      | Reached XP level 1. HP: 14/14 MP: 3/3
    15 | D:1      | Reached skill level 1 in Conjurations
   148 | D:1      | Reached XP level 2. HP: 14/20 MP: 4/4
   159 | D:1      | Learned a level 2 spell: Repel Missiles
   309 | D:2      | HP: 1/20 [worm (2)]
   322 | D:2      | Noticed Natasha
   322 | D:2      | Killed from afar by Natasha

Vault maps used:
D:1:      lightli_arrival_chessboard
D:2:      minmay_misc_feat_secret_circle, uniq_natasha

Action                   || total
-------------------------++-------
Melee: Club              ||    13
 Cast: Shock             ||     9
       Repel Missiles    ||     1
